cohdb
Replays
Latest Replays
All Replays
Popular Replays
Top Player Replays
Match Explorer
How It Works
Community
CoH3 Stats
Reddit
Sign in to upload your games and track your stats! →
Sign in with Steam
Match 39740282
Unlisted
Match 39740282
Overview
Messages
Build Orders
End
Kradschützen Motorcycle Team
Panzergrenadier Squad
Panzergrenadier Squad
Construct Light Support Kompanie
Assault Grenadier Squad
Construct Mechanized Kompanie
Panzerjäger Mechanized Group
Support Armor Elements
StuG III D Assault Gun
Assault Mechanized Group
StuG III D Assault Gun
Pak 38 Anti-tank Gun Team
MG34 Team
Saueee
drachwal91
0
0
Comments
sign in to comment!
No comments posted yet!